Map: Whirlwind LE (Void)

Players

Musumeci - Winner!

  • Race: Zerg Zerg
  • League: Diamond
  • Spawn Location: 5:00

Lokky

  • Race: Zerg Zerg
  • League: Diamond
  • Spawn Location: 11:00

VOD

Have the link to the VOD?

Description

Time

  • Played on: Jan. 24, 2017, 3:53 p.m.
  • Length: 9:32
Show
View Real Time Build Order
Export as new Build Order

Musumeci Zerg - Winner!

Build Orders: Hatch First 

Get SALT Encoding   

  12  0:02  Drone  
  13  0:08  Drone  
  14  0:18  Drone, Extractor  
  15  0:22  Overlord  
  15  0:48  Hatchery  
  14  0:50  Drone  
  14  0:55  Drone  
  16  0:59  Drone  
  16  1:04  Drone  
  18  1:21  Spawning Pool  
  18  1:23  Drone  
  18  1:26  Drone  
  19  1:34  Drone  
  19  1:37  Extractor  
  19  1:44  Drone  
  20  2:09  Drone  
  21  2:19  Spine Crawler, Zergling x8  
  21  2:21  Queen  
  21  2:22  Queen  
  28  2:30  Overlord  
  28  2:47  Metabolic Boost  
  28  2:55  Zergling x12  
  33  3:24  Overlord x2  
  33  3:30  Zergling x6  
  36  3:35  Baneling Nest  
  36  3:40  Overlord x2  
  35  3:43  Zergling x4  
  35  4:16  Zergling x10  
  35  4:17  Zergling x8  
  44  4:23  Drone x3  
  45  4:43  Zergling x2  
  45  4:44  Zergling x6  
  44  4:57  Zergling x2  
  44  4:58  Zergling x10  
  36  5:14  Zergling x6  
  37  5:39  Zergling x10  
  38  5:49  Zergling x2  
  35  5:50  Zergling x6  
  38  5:57  Evolution Chamber  
  38  6:11  Drone x4  
  38  6:14  Lair  
  38  6:15  Drone x2  
  38  6:16  Drone, Extractor  
  38  6:18  Drone  
  45  6:37  Drone x6  
  50  6:48  Drone x3  
  53  6:58  Drone x5  
  53  7:00  Extractor  
  57  7:01  Extractor  
  53  7:12  Spine Crawler x2  
  53  7:14  Spine Crawler  
  50  7:15  Spire  
  50  7:22  Overseer  
  49  7:35  Drone x4  
  49  7:36  Drone  
  54  7:37  Overlord  
  54  7:42  Overlord  
  54  7:45  Hatchery  
  52  8:29  Mutalisk  
  52  8:30  Mutalisk x10  
  74  8:40  Baneling  
  74  8:41  Baneling  
Show
View Real Time Build Order
Export as new Build Order

Lokky Zerg 

Build Orders: Hatch First 

Get SALT Encoding   

  12  0:00  Drone  
  13  0:12  Overlord  
  13  0:17  Drone  
  14  0:30  Drone  
  14  0:31  Drone  
  14  0:34  Drone  
  17  0:53  Hatchery  
  17  0:55  Drone  
  17  0:58  Extractor  
  16  1:09  Spawning Pool  
  15  1:12  Drone  
  15  1:16  Drone  
  17  1:21  Drone  
  18  1:28  Drone  
  19  1:39  Overlord  
  19  1:56  Queen  
  19  1:58  Zergling x2  
  19  1:59  Metabolic Boost  
  22  2:09  Drone  
  22  2:10  Drone  
  24  2:17  Queen, Zergling x4  
  28  2:27  Drone x2  
  30  2:32  Queen  
  32  2:41  Drone x2  
  34  2:45  Zergling x2  
  34  2:50  Drone  
  36  2:58  Overlord  
  36  3:16  Queen  
  36  3:18  Zergling x10  
  42  3:23  Baneling Nest  
  41  3:34  Drone x2  
  43  4:00  Drone  
  44  4:07  Overlord x4, Roach Warren  
  40  4:12  Zergling x6  
  40  4:15  Baneling Nest  
  40  4:16  Queen x2  
  43  4:21  Evolution Chamber  
  42  4:26  Evolution Chamber  
  42  4:30  Evolution Chamber  
  39  4:33  Zergling x8  
  39  4:34  Zergling x6  
  44  4:39  Zergling x2  
  44  4:40  Zergling x2  
  40  4:59  Roach x2  
  38  5:06  Zergling x4  
  33  5:16  Zergling x2  
  33  5:17  Roach, Zergling x2  
  33  5:18  Roach x2  
  41  5:26  Zergling x4  
  41  5:27  Zergling x4  
  42  5:30  Roach  
  44  5:37  Roach  
  40  5:48  Zergling x4  
  39  6:01  Baneling  
  39  6:03  Baneling  
  39  6:05  Zergling x4  
  39  6:06  Drone x4  
  47  6:11  Roach  
  47  6:19  Drone x2  
  47  6:20  Drone  
  50  6:33  Drone x3  
  50  6:35  Extractor  
  50  6:36  Drone  
  53  6:43  Baneling  
  53  6:44  Roach  
  53  6:45  Roach  
  57  6:48  Drone x3  
  57  7:09  Overlord  
  57  7:13  Queen  
  59  7:18  Lair  
  59  7:29  Extractor  
  58  7:30  Drone x2, Extractor  
  58  7:31  Drone x3  
  58  7:32  Drone  
  63  7:43  Roach  
  65  7:58  Unknown  
  65  8:05  Hatchery  
  65  8:11  Roach x3  
  68  8:32  Roach x3  
  73  8:37  Hatchery  
  72  8:47  Overseer  
  72  8:51  Overlord x5  
  72  8:54  Drone x3  
  75  9:11  Roach  
  75  9:12  Roach, Overlord  
  75  9:13  Roach x2  
Tags
 
Add a new tag
Caveats
  • Supply blocks, unpowered buildings, or Contaminate may cause inaccurate times.
  • Supply counts are checked every 10 seconds.